 Dungeon Crawl Stone Soup version 0.27.0-1-g7a089689b8 (webtiles) character file.

Game seed: 3231937108842988297

42 backslashecho the Skirmisher (level 3, -1/24 HPs)
             Began as a Gargoyle Berserker on Aug 3, 2021.
             Was a Follower of Trog.
             Slain by a water moccasin (3 damage)
             ... on level 3 of the Dungeon.
             The game lasted 00:01:48 (1853 turns).

backslashecho the Skirmisher (Gargoyle Berserker)   Turns: 1853, Time: 00:01:49

Health: -1/24      AC:  6    Str: 21    XL:     3   Next: 56%
Magic:  3/3        EV: 11    Int:  7    God:    Trog [*.....]
Gold:   83         SH:  0    Dex:  9    Spells: 2/2 levels left

rFire    . . .     SeeInvis .   a - +0 hand axe
rCold    . . .     Faith    .   (no shield)
rNeg     + . .     Spirit   .   b - +0 animal skin
rPois    ∞         Reflect  .   (no helmet)
rElec    +         Harm     .   (no cloak)
rCorr    .         Rampage  .   (no gloves)
Will     .....                  g - +0 pair of boots
Stlth    +.........             (no amulet)
HPRegen  0.08/turn              (no ring)
MPRegen  0.08/turn              (no ring)

@: no status effects
A: sickness immunity, AC +3, negative energy resistance 1, electricity
resistance, torment resistance 1, petrification resistance
a: Renounce Religion, Berserk


You were on level 3 of the Dungeon.
You worshipped Trog.
Trog was aware of your devotion.
You visited 1 branch of the dungeon, and saw 4 of its levels.

You collected 83 gold pieces.

Inventory:

Hand Weapons
 a - a +0 hand axe (weapon)
Armour
 b - a +0 animal skin (worn)
 g - a +0 pair of boots (worn)
Scrolls
 c - a scroll of amnesia {unknown}
 d - a scroll of fear {unknown}
 h - a scroll of acquirement {unknown}
 i - a scroll of enchant weapon {unknown}
 j - a scroll of teleportation {unknown}
Potions
 e - a potion of heal wounds {unknown}
 f - a potion of resistance {unknown}


   Skills:
 + Level 3.7 Fighting
 * Level 3.3 Axes
 + Level 2.7 Armour
 - Level 1.5 Dodging
 - Level 1.0 Unarmed Combat


You had 2 spell levels left.
You didn't know any spells.
Your spell library was empty.

Dungeon Overview and Level Annotations

Branches:
Dungeon (4/15)
 Temple: D:4-7

Altars:


Innate Abilities, Weirdness & Mutations

You are immune to sickness and miasma.
Your stone body is resilient. (AC +3)
You are immune to poison.
You resist negative energy. (rN+)
You are resistant to electric shocks. (rElec)
You are resistant to unholy torment.
You are immune to petrification.


Message History

The adder bites you but does no damage.
You miss the adder.
The adder is heavily wounded.
The adder barely misses you. The adder bites you.
You take 1 damage, and have 13/23 hp.
You hit the adder.
The adder is severely wounded.
The adder bites you but does no damage.
You slash the adder!
You kill the adder!
Trog accepts your kill.
No target in view!
No target in view!
You see here an adder corpse.
You fall into a shaft and drop 2 floors!
The shaft crumbles and collapses.
Found 10 gold pieces and a whip.
Found a stone staircase leading up.
A quokka comes into view.
Found a small bone ring and 15 gold pieces.
A ball python, a water moccasin and a hound come into view.
The hound barks!
The water moccasin hisses angrily.
The quokka closely misses you. The hound barely misses you.
The hound bites you but does no damage. The quokka bites you.
Found a scroll labelled ERUAMN FOACW.
You take 3 damage, and have 12/24 hp.
The hound barely misses you. The hound bites you.
You take 3 damage, and have 9/24 hp.
There is a stone staircase leading up here.
The hound barely misses you. The water moccasin closely misses you.
You climb upwards.
There is a stone staircase leading down here.
You are too injured to fight recklessly!
You are too injured to fight recklessly!
You miss the hound. You hit the water moccasin. The hound closely misses you.
The water moccasin bites you.
* * * LOW HITPOINT WARNING * * *
The hound bites you.
* * * LOW HITPOINT WARNING * * *
The water moccasin bites you.
You die...

.#
.#
.#
##.
#..
#.#
#S#
#@#
#h#
#.#
..#
###


You could see a water moccasin and a hound.

Vanquished Creatures
  An adder (D:2)
  A dart slug (D:1)
  2 bats
  A giant cockroach (D:1)
  3 goblins
  3 hobgoblins
  8 jackals
  A quokka (D:1)
  A ball python (D:1)
  3 frilled lizards
  A kobold (D:1)
  3 rats (D:1)
28 creatures vanquished.

Notes
Turn   | Place    | Note
-------+----------+-------------------------------------------
     0 | D:1      | backslashecho the Gargoyle Berserker began the quest for
                  | the Orb.
     0 | D:1      | Reached XP level 1. HP: 14/14 MP: 1/1
   136 | D:1      | Reached XP level 2. HP: 19/19 MP: 2/2
   934 | D:1      | Reached XP level 3. HP: 23/23 MP: 3/3
  1483 | D:2      | Reached skill level 1 in Unarmed Combat
  1843 | D:2      | You fall into a shaft and drop 2 floors!
  1845 | D:4      | Noticed a water moccasin
  1853 | D:3      | Slain by a water moccasin

Illustrated notes

Levels and vault maps discovered:
D:1:      saegor_arrival_miasma, layout_loops_ring, minmay_misc_feat_cross
D:2:      layout_loops_cross, shapermc_ecumenical_altar_petra, uniq_natasha
D:3:      layout_loops_corners, pdpol_wu_jian_five_deadly_venoms,
          lemuel_round_altar, uniq_jessica, uniq_grinder, uniq_sigmund
D:4:      layout_rooms, lemuel_temple_firewalk_b, hangedman_decor_push

Skill      XL: |  1  2  3 |
---------------+----------+-----
Axes           | 3 |  3.3
Unarmed Combat | 1 |  1.0
Fighting       | |  3.7
Armour         | |  2.7
Dodging        | |  1.5

Action                   || total
-------------------------++-------
Melee: Hand axe          ||   105
       Punch             ||     1
Invok: Berserk           ||     1
Armor: Animal skin       ||    47
Dodge: Dodged            ||    73
